 Dungeon Crawl Stone Soup version 0.30.1-3-gfc49f6343a (webtiles) character file.

Game seed: 8308322219557154269

67 javelincjr the Ducker (level 3, 0/28 HPs)
             Began as a Demonspawn Gladiator on July 18, 2023.
             Slain by an orc
             ... wielding a +0 falchion
              (4 damage)
             ... on level 2 of the Dungeon.
             The game lasted 00:05:14 (1121 turns).

javelincjr the Ducker (Demonspawn Gladiator)        Turns: 1121, Time: 00:05:14

Health: 0/28       AC: 16    Str: 15 (16) XL:     3   Next: 98%
Magic:  3/3        EV: 11    Int:  6 (7)  God:
Gold:   100        SH:  0    Dex: 12 (14) Spells: 2/2 levels left

rFire   . . .        p - +1 dagger (protect)
rCold   . . .        q - orb {*Rage}
rNeg    . . .        j - +0 ring mail
rPois   .            c - +0 helmet
rElec   .            (no cloak)
rCorr   .            (no gloves)
SInv    .            i - +0 pair of boots
Will    .....        (no amulet)
Stlth   +            (no ring)
HPRegen 0.24/turn    (no ring)
MPRegen 0.08/turn

%: random rage (20%)
@: weak-willed, under a protective aura, attractive
A: icy blue scales 1, ignite blood 1, dopey 1, strong-willed 1
a: no special abilities


You were on level 2 of the Dungeon.
You visited 1 branch of the dungeon, and saw 2 of its levels.

You collected 100 gold pieces.

Inventory:

Hand Weapons
 a - a +0 war axe
 p - a +1 dagger of protection (weapon)
Missiles
 d - 3 throwing nets (quivered)
 e - a javelin
Armour
 b - a +0 leather armour
 c - a +0 helmet (worn)
 i - a +0 pair of boots (worn)
 j - a +0 ring mail (worn)
 q - an orb of wrath (worn)
Scrolls
 h - 3 scrolls of noise
 l - a scroll of enchant armour {unknown}
 m - a scroll of fog {unknown}
Potions
 n - a potion of mutation


   Skills:
 * Level 2.9 Fighting
 + Level 0.5 Short Blades
 - Level 2.9 Axes
 - Level 2.0 Throwing
 + Level 1.0 Armour
 + Level 3.1 Dodging
 + Level 0.8 Stealth


You had 2 spell levels left.
You didn't know any spells.
Your spell library was empty.

Dungeon Overview and Level Annotations

Branches:
Dungeon (2/15)

Altars:


Innate Abilities, Weirdness & Mutations

You are partially covered in icy blue scales. (AC +2)
Your demonic aura sometimes causes spilled blood to erupt in flames.
You are dopey. (Int -2)
You are strong-willed. (Will+)


Message History

The orc is moderately wounded.
The orc barely misses you.
You closely miss the orc.
The orc is moderately wounded.
The orc hits you but does no damage.
It was a potion of degeneration.
There was something very wrong with that liquid.
You feel weakened.
You feel dopey.
You feel clumsy. The orc hits you but does no damage.
It was a potion of mutation.
You feel extremely strange.
You feel stupid.
You feel strong-willed. The orc closely misses you.
It was a potion of attraction.
You feel attractive to monsters. The orc closely misses you.
You hit the orc but do no damage.
Your weapon exudes an aura of protection.
The orc is moderately wounded.
The orc hits you but does no damage.
You completely miss the orc.
The orc is lightly wounded.
The orc hits you but does no damage.
You hit the orc but do no damage.
The orc is lightly wounded.
The orc barely misses you.
Unknown command.
You hit the orc but do no damage.
The orc is lightly wounded.
The orc closely misses you.
You hit the orc but do no damage.
The orc is lightly wounded.
The orc barely misses you.
As you read the scroll labelled WIATUE SUUSMUE, it crumbles to dust.
It is a scroll of identify.
h - 3 scrolls of noise The orc hits you but does no damage.
As you read the scroll labelled QAMEMI ACLALUC, it crumbles to dust.
Magic quickly surges around you.
It was a scroll of vulnerability.
The orc hits you with a +0 falchion.
You die...

##.##..............
#...†.....####.....
#.###.###.........#
#.# #.# #.######.##
#)# #.# #.# #.# #.#
#.. ..# #.# #.# ###
#.# #'#
#)#######.~P ~♣~
#)@oK.~~~♣ ♣ ~
####~♣~~♣♣ ♣
♣P~P~~~~~ ~~~~P~~♣~
PP~~~~♣~≈≈
~♣~~~~P~≈≈≈
.~♣PP~~~~≈≈ #.
♣oPP~♣~≈≈≈ #
oo♣P~~~~≈~


You could see an orc (weak-willed) and a kobold (weak-willed).

Vanquished Creatures
  3 adders (D:2)
  2 orcs (D:2)
  4 bats
  4 endoplasms
  4 hobgoblins
  2 jackals (D:1)
  3 kobolds
  2 quokkas (D:1)
  3 ball pythons (D:1)
  A frilled lizard (D:1)
  4 goblins
  2 rats
34 creatures vanquished.

Notes
Turn   | Place    | Note
-------+----------+-------------------------------------------
     0 | D:1      | javelincjr the Demonspawn Gladiator began the quest for the
                  | Orb.
     0 | D:1      | Reached XP level 1. HP: 16/16 MP: 1/1
   263 | D:1      | Gained mutation: You are partially covered in icy blue
                  | scales. (AC +2) [demonic ancestry]
   263 | D:1      | Reached XP level 2. HP: 21/22 MP: 2/2
   859 | D:2      | Reached skill level 3 in Dodging
   859 | D:2      | Gained mutation: Your demonic aura sometimes causes spilled
                  | blood to erupt in flames. [demonic ancestry]
   859 | D:2      | Reached XP level 3. HP: 28/28 MP: 3/3
  1093 | D:2      | Reached skill level 1 in Armour
  1109 | D:2      | HP: 1/28 [orc/+0 falchion (4)]
  1113 | D:2      | Gained mutation: You are dopey. (Int -2) [potion of
                  | mutation]
  1113 | D:2      | Gained mutation: You are strong-willed. (Will+) [potion of
                  | mutation]
  1121 | D:2      | Slain by an orc

Illustrated notes

Levels and vault maps discovered:
D:1:      saegor_arrival_fortress, layout_basic
D:2:      wander_river, layout_loops_corners, kennysheep_crisscross,
          serial_bayou_lake_a

Skill      XL: |  1  2  3 |
---------------+----------+-----
Throwing       | 2 |  2.0
Dodging        | 3 |  3.1
Armour         | 1 |  1.0
Fighting       | |  2.9
Short Blades   | |  0.5
Axes           | |  2.9
Stealth        | |  0.8

Action                     || total
---------------------------++-------
  Melee: War axe           ||    64
         Dagger            ||    78
         Punch             ||     2
    Use: Potion            ||     3
         Scroll            ||     2
 Armour: Leather armour    ||     6
         Ring mail         ||    74
  Dodge: Dodged            ||    78
